 Dungeon Crawl Stone Soup version 0.30-a0-867-g305f33218d (webtiles) character file.

Game seed: 760405656829150439

221 Hubris850 the Cudgeller (level 5, -2/54 HPs)
             Began as an Ogre Reaver on Mar 10, 2023.
             Splashed by a jelly's acid (9 damage)
             ... on level 4 of the Dungeon.
             The game lasted 00:11:26 (3475 turns).

Hubris850 the Cudgeller (Ogre Reaver)               Turns: 3475, Time: 00:11:27

Health: -2/54      AC: -8    Str: 16    XL:     5   Next: 98%
Magic:  8/8        EV: 15    Int: 16    God:
Gold:   224        SH:  0    Dex:  7    Spells: 7/8 levels left

rFire   . . .      SeeInvis .    i - +3 hand axe
rCold   . . .      Faith    .    (no shield)
rNeg    . . .      Spirit   .    b - +0 robe
rPois   +          Reflect  .    (helmet restricted)
rElec   .          Rampage  .    r - +0 cloak
rCorr   .                        (gloves unavailable)
Will    .....                    (boots unavailable)
Stlth   +                        (no amulet)
HPRegen 0.29/turn                n - ring of poison resistance
MPRegen 0.11/turn                u - +5 ring of evasion

@: corroded
A: large, unfitting armour, tough skin 1
a: no special abilities


You were on level 4 of the Dungeon.
You visited 1 branch of the dungeon, and saw 4 of its levels.

You collected 224 gold pieces.

Inventory:

Hand Weapons
 a - a +0 mace
 i - a +3 hand axe (weapon)
 j - a +1 whip of distortion
 t - a +2 dagger of venom
Missiles
 s - 4 datura-tipped darts
Armour
 b - a +0 robe (worn)
 r - a +0 cloak (worn)
Magical Staves
 p - a staff of fire
Jewellery
 n - a ring of poison resistance (left hand)
 u - a +5 ring of evasion (right hand)
 v - an amulet of faith
Scrolls
 c - 3 scrolls of torment {unknown}
 d - a scroll of vulnerability {unknown}
 e - 3 scrolls of identify {unknown}
 f - 4 scrolls of teleportation {unknown}
 k - 3 scrolls of enchant weapon {unknown}
 q - 2 scrolls of poison {unknown}
Potions
 g - a potion of heal wounds
 h - 2 potions of curing {unknown}
 l - a potion of might {unknown}
 m - 2 potions of resistance {unknown}
 o - a potion of berserk rage {unknown}


   Skills:
 - Level 4.0 Fighting
 + Level 4.3 Maces & Flails
 + Level 3.7 Dodging
 - Level 2.4 Spellcasting
 - Level 2.6 Conjurations


You had 7 spell levels left.
You knew the following spells:

 Your Spells              Type           Power      Damage    Failure   Level
a - Kiss of Death         Conj/Necr      24%        2d7       12%         1

Your spell library contained the following spells:

 Spells                   Type           Power      Damage    Failure   Level
 Momentum Strike          Conj/Tloc      12%        3d8       17%         2
 Beastly Appendage        Tmut           2%         N/A       21%         1
 Wereblood                Tmut           1%         N/A       30%         2
 Hailstorm                Conj/Ice       6%         3d4       34%         3
 Spider Form              Tmut/Pois      1%         N/A       52%         3


Dungeon Overview and Level Annotations

Branches:
Dungeon (4/15)
 Temple: D:4-7

Altars:


Innate Abilities, Weirdness & Mutations

You are too large for most types of armour.
You have tough skin. (AC +1)


Message History

You are frozen.
You slash the endoplasm!
You kill the endoplasm!
No target in view!
A jelly comes into view.
The jelly quivers.
You hit the jelly. The acid corrodes you!
Your hands burn!
The jelly is lightly wounded.
The jelly barely misses you.
The jelly jiggles.
The jelly hits you.
You are splashed with acid!
You hit the jelly but do no damage.
Your hands burn!
The jelly is lightly wounded.
The jelly misses you.
You hit the jelly.
Your hands burn!
The jelly is moderately wounded.
The jelly misses you.
You hit the jelly.
Your hands burn!
The jelly is moderately wounded.
The jelly closely misses you.
You slash the jelly! The acid corrodes you!
Your hands burn!
The jelly is heavily wounded.
The jelly misses you.
You hit the jelly but do no damage.
Your hands burn!
The jelly is heavily wounded.
The jelly closely misses you.
You are too injured to fight recklessly!
You are too injured to fight recklessly!
You are too injured to fight recklessly!
You hit the jelly but do no damage. The acid corrodes you!
Your hands burn!
The jelly is heavily wounded.
The jelly closely misses you. The jelly hits you.
You are splashed with acid!
* * * LOW HITPOINT WARNING * * *
You hit the jelly but do no damage. The acid corrodes you!
Your hands burn!
* * * LOW HITPOINT WARNING * * *
The jelly is heavily wounded.
The jelly hits you.
* * * LOW HITPOINT WARNING * * *
The acid corrodes you!
You are splashed with acid!
You die...

.#.#
#.................
.#
####......##.##.#
##......# ##.##
........... ..
....#.##.... ## #
#......#..#. ## #.
#......#.. ..
#.####J.....#.. ##
#....@......... ##
####..............
#.
...............#
#.
.....####......#
#. #### #......#
#. ##...~..# .. ..
#..(~~..#.#..# ..
...
#.......#.#..## ##
....
#..~...##.#...#


You could see a jelly.

Vanquished Creatures
  Terence (D:3)
  2 orc wizards (D:3)
  4 gnolls
  3 adders
  2 worms (D:3)
  3 dart slugs
  2 orcs (D:3)
  7 ball pythons
  5 bats
  7 endoplasms
  A giant cockroach (D:2)
  8 goblins
  4 hobgoblins
  6 jackals (D:2)
  4 quokkas
  2 kobolds (D:4)
  3 rats
64 creatures vanquished.

Notes
Turn   | Place    | Note
-------+----------+-------------------------------------------
     0 | D:1      | Hubris850 the Ogre Reaver began the quest for the Orb.
     0 | D:1      | Reached XP level 1. HP: 22/22 MP: 3/3
   171 | D:1      | Found a faded altar of an unknown god.
   363 | D:1      | Reached XP level 2. HP: 31/31 MP: 5/5
   786 | D:2      | Reached XP level 3. HP: 9/37 MP: 6/6
  1359 | D:2      | Reached XP level 4. HP: 29/48 MP: 7/7
  2378 | D:3      | Reached XP level 5. HP: 48/54 MP: 8/8
  2678 | D:3      | Noticed Terence
  2695 | D:3      | Killed Terence
  3348 | D:4      | Identified the +4 scale mail of the Dolphin {+Inv}
  3475 | D:4      | Splashed by a jelly's acid

Illustrated notes

Levels and vault maps discovered:
D:1:      heliophobic_arrival_henge, layout_loops_cross,
          shapermc_ecumenical_altar_totnotflames
D:2:      layout_basic
D:3:      layout_loops_ring, uniq_terence
D:4:      layout_basic, chequers_serial_rivers_micro_c

Skill      XL: |  1  2  3  4  5 |
---------------+----------------+-----
Fighting       | 3 4 |  4.0
Dodging        | 2 3 |  3.7
Maces & Flails | 3 4 |  4.3
Spellcasting   | |  2.4
Conjurations   | |  2.6

Action                     |  1- 3 |  4- 6 || total
---------------------------+-------+-------++-------
  Melee: Mace              |    14 |       ||    14
         Hand axe          |    50 |   138 ||   188
         Punch             |       |     2 ||     2
   Cast: Kiss of Death     |     1 |       ||     1
    Use: Potion            |       |     2 ||     2
 Armour: Robe              |    22 |    35 ||    57
  Dodge: Dodged            |    45 |    78 ||   123

Table legend: (Time is in decaauts)
 A = Elapsed time spent in this place.
 B = Non-inter-level travel time spent in this place.
 C = Inter-level travel time spent in this place.
 D = Time resting spent in this place.
 E = Time spent auto-exploring this place.
 F = Levels seen in this place.
 G = Mean time per level.
                   A        B        C        D        E       F      G
               +--------+--------+--------+--------+--------+-----+--------+
         Total |   3513 |   3427 |     86 |    708 |   2120 |   4 |  878.2 |
       Dungeon |   3513 |   3427 |     86 |    708 |   2120 |   4 |  878.2 |
               +--------+--------+--------+--------+--------+-----+--------+

Top non-repeatable levels by time:
     D:2: 1144 daAuts
     D:1: 1048 daAuts
     D:3: 901 daAuts
     D:4: 419 daAuts
